 Dungeon Crawl Stone Soup version 0.24-a0-586-g8e0e932a4c (webtiles) character file.

Game seed: 16616545552570202812, levelgen mode: deterministic

244 Gynju the Magician (level 5, -2/28 HPs)
             Began as a Deep Elf Wizard on Sept 8, 2019.
             Killed from afar by an orc wizard (5 damage)
             ... with a magic dart
             ... on level 3 of the Dungeon.
             The game lasted 00:06:01 (4994 turns).

Gynju the Magician (Deep Elf Wizard)                Turns: 4994, Time: 00:06:01

Health: -2/28      AC:  3    Str:  4    XL:     5   Next: 83%
Magic:  24/25      EV: 13    Int: 24    God:
Gold:   254        SH:  0    Dex: 13    Spells: 10/18 levels left

rFire    . . .     SeeInvis .   s - +4 long sword
rCold    . . .     Gourm    .   (no shield)
rNeg     + . .     Faith    .   a - +0 robe
rPois    .         Spirit   .   o - +0 helmet
rElec    .         Reflect  .   (no cloak)
rCorr    .         Harm     .   (no gloves)
MR       .....                  (no boots)
Stlth    ++........             (no amulet)
HPRegen  0.09/turn              k - ring of positive energy
MPRegen  0.19/turn              q - ring of magical power

@: no status effects
A: no striking features
a: no special abilities


You were on level 3 of the Dungeon.
You were very hungry.

You visited 1 branch of the dungeon, and saw 4 of its levels.

You collected 254 gold pieces.

Inventory:

Hand Weapons
 s - a +4 long sword (weapon)
Armour
 a - a +0 robe (worn)
 o - a +0 helmet (worn)
Jewellery
 k - a ring of positive energy (left hand)
 q - a ring of magical power (right hand)
 t - an uncursed ring of protection from magic {unknown}
Wands
 b - a wand of acid (12)
Scrolls
 c - 4 scrolls of remove curse {@r2}
 e - 2 scrolls of identify {@r1}
 f - 2 scrolls of magic mapping {unknown}
 i - 3 scrolls of fog
 j - a scroll of immolation
 n - 3 scrolls of teleportation
 p - 2 scrolls of enchant weapon
Potions
 h - 3 potions of lignification
 l - a potion of flight
 m - a potion of agility
 r - a potion of magic
 u - a potion of heal wounds {unknown}
Comestibles
 d - 9 rations


   Skills:
 - Level 2.4 Dodging
 - Level 2.4 Stealth
 + Level 7.0 Spellcasting
 + Level 4.5 Conjurations
 - Level 1.1 Summonings
 - Level 1.1 Translocations


You had 10 spell levels left.
You knew the following spells:

 Your Spells              Type           Power        Failure   Level  Hunger
a - Magic Dart            Conj           ####         1%          1    None
b - Blink                 Tloc           N/A          7%          2    None
c - Call Imp              Summ           ##......     7%          2    None
d - Mephitic Cloud        Conj/Pois/Air  ###.....     12%         3    None

Your spell library contained the following spells:

 Spells                   Type           Power        Failure   Level  Hunger
 Conjure Flame            Conj/Fire      ###.....     9%          3    None
 Slow                     Hex            #.......     11%         2    None


Dungeon Overview and Level Annotations

Branches:
Dungeon (4/15)
 Temple: D:4-7

Altars:
Fedhas
Zin

Shops:
D:3 *

Annotations:
D:4 exclusion: Ijyb, Ijyb


Message History

Pain shoots through your body!
* * * LOW HITPOINT WARNING * * *
Something hits you.
* * * LOW HITPOINT WARNING * * *
The orc priest barely misses you.
You riposte.
You hit the orc priest.
The orc priest is moderately wounded.
The orc priest looks braver for a moment.
There is a stone staircase leading up here.
Something hits you but does no damage.
You climb upwards.
Reactivating autopickup.
There is a stone staircase leading down here.
You start resting.
Something barely misses you.
Deactivating autopickup; reactivate with Ctrl-A.
You miss something. Something hits you.
* * * LOW HITPOINT WARNING * * *
You hear some strange, mumbled words.
A magic dart appears from out of thin air!
The magic dart hits you.
You die...

........# ##.###........#
#. ........#
#..##......).# #.
...)....# ##.##........#
#. .......^#
#..#....)...# #.
.#####.#######.#.####'#.#
#. ## #(..........# #.#.#
#. #########...#
#.#.########. ##{.#
#.#.......... #.@#
#.########### #### #.#
#.# #.# #.# #.# #.# #.#
#.#


There were no monsters in sight!

Vanquished Creatures
  An orc priest (D:4)
  A worker ant (D:4)
  Robin (D:2)
  5 adders
  An ooze (D:2)
  5 worms
  A dart slug (D:1)
  6 leopard geckos
  7 orcs
  3 giant cockroaches
  13 goblins
  11 hobgoblins
  9 jackals
  7 kobolds
  3 quokkas
  11 bats
  5 frilled lizards
  7 rats
97 creatures vanquished.

Vanquished Creatures (others)
  A rat (D:1)
1 creature vanquished.

Grand Total: 98 creatures vanquished

Notes
Turn   | Place    | Note
-------+----------+-------------------------------------------
     0 | D:1      | Gynju the Deep Elf Wizard began the quest for the Orb.
     0 | D:1      | Reached XP level 1. HP: 10/10 MP: 7/7
   286 | D:1      | Reached XP level 2. HP: 14/15 MP: 2/9
   519 | D:1      | Reached skill level 5 in Spellcasting
   966 | D:1      | Reached XP level 3. HP: 13/19 MP: 7/11
  1369 | D:1      | Learned a level 2 spell: Blink
  1372 | D:1      | Learned a level 2 spell: Call Imp
  1763 | D:2      | Reached XP level 4. HP: 24/24 MP: 9/13
  2246 | D:2      | Reached skill level 6 in Spellcasting
  2671 | D:2      | Noticed Robin
  2676 | D:2      | Killed Robin
  2952 | D:2      | Learned a level 3 spell: Mephitic Cloud
  3036 | D:3      | Reached XP level 5. HP: 28/28 MP: 12/15
  3157 | D:3      | Found Zin's Purification Station.
  3157 | D:3      | Found a glowing silver altar of Zin.
  3339 | D:3      | Found a blossoming altar of Fedhas.
  4681 | D:4      | Noticed Ijyb
  4969 | D:4      | Reached skill level 7 in Spellcasting
  4994 | D:3      | Killed from afar by an orc wizard

Levels and vault maps discovered:
D:1:      nzn_arrival_depleted_hourglass, layout_loops_ring, amethyst_killhole,
          lemuel_flame_loot_1
D:2:      layout_rooms, uniq_robin
D:3:      layout_basic, marbit_many_paths, zin_purify, first_ration
D:4:      layout_layer_cave, uniq_ijyb

Skill      XL: |  1  2  3  4  5 |
---------------+----------------+-----
Conjurations   | 2 3 4 |  4.5
Spellcasting   | 5 6 7 |  7.0
Dodging        | |  2.4
Stealth        | |  2.4
Summonings     | |  1.1
Translocations | |  1.1

Action                   |  1- 3 |  4- 6 || total
-------------------------+-------+-------++-------
Melee: Dagger            |       |     3 ||     3
       Long sword        |       |     1 ||     1
 Cast: Magic Dart        |    83 |   160 ||   243
       Call Imp          |     2 |       ||     2
       Mephitic Cloud    |       |     1 ||     1
  Use: Scroll            |       |     9 ||     9
  Eat: Chunk             |     2 |     9 ||    11
Armor: Robe              |     5 |     6 ||    11
Dodge: Dodged            |    32 |    35 ||    67
       Rpst.: Long sword |       |     1 ||     1

Table legend:
 A = Non-vault XP
 B = Vault XP
 C = Vault XP percentage of total XP
 D = Non-vault monster count
 E = Vault monster count
 F = Vault count percentage of total count
                 A         B        C        D         E       F
            +---------+---------+-------+---------+---------+-------
      Total |     311 |      38 |  10.9 |      85 |      12 |  12.4
            +---------+---------+-------+---------+---------+-------
        D:1 |      69 |       9 |  11.5 |      29 |       5 |  14.7
        D:2 |      80 |      26 |  24.5 |      24 |       6 |  20.0
        D:3 |      57 |       3 |   5.0 |      22 |       1 |   4.3
        D:4 |     105 |       0 |   0.0 |      10 |       0 |   0.0
            +---------+---------+-------+---------+---------+-------
